 Dungeon Crawl Stone Soup version 0.27-a0-1149-g4505690ab0 (webtiles) character file.

Game seed: 11890842298449009788

171 leviel the Chopper (level 5, -1/46 HPs)
             Began as a Minotaur Fighter on May 13, 2021.
             Slain by a scorpion (6 damage)
             ... on level 4 of the Dungeon.
             The game lasted 00:03:42 (3118 turns).

leviel the Chopper (Minotaur Fighter)               Turns: 3118, Time: 00:03:43

Health: -1/46      AC:  7    Str: 22    XL:     5   Next: 26%
Magic:  4/4        EV:  7    Int:  5    God:
Gold:   111        SH:  0    Dex:  9    Spells: 4/4 levels left

rFire    . . .     SeeInvis .   h - +2 whip (elec)
rCold    . . .     Faith    .   c - +0 kite shield
rNeg     . . .     Spirit   .   b - +0 scale mail
rPois    .         Reflect  .   (helmet restricted)
rElec    .         Harm     .   (no cloak)
rCorr    .         Rampage  .   (no gloves)
Will     .....                  (no boots)
Stlth    ..........             (no amulet)
HPRegen  0.15/turn              (no ring)
MPRegen  0.09/turn              (no ring)

@: confused, mighty, lethally poisoned (-1 -> -6)
A: horns 2, retaliatory headbutt
a: no special abilities


You were on level 4 of the Dungeon.
You visited 1 branch of the dungeon, and saw 4 of its levels.

You collected 111 gold pieces.

Inventory:

Hand Weapons
 a - a +0 war axe
 h - a +2 whip of electrocution (weapon)
Armour
 b - a +0 scale mail (worn)
 c - a +0 kite shield (worn)
Jewellery
 i - a +6 ring of dexterity
 o - an amulet of guardian spirit
Wands
 n - a wand of polymorph (2)
Scrolls
 e - a scroll of summoning {unknown}
 f - a scroll of teleportation {unknown}
 g - 6 scrolls of identify {unknown}
 l - a scroll of enchant weapon {unknown}
 m - 2 scrolls of blinking {unknown}
Potions
 j - a potion of mutation {unknown}
 k - a potion of resistance {unknown}
 p - a potion of lignification {unknown}
 q - a potion of flight {unknown}
 r - 2 potions of heal wounds {unknown}


   Skills:
 - Level 3.8 Fighting
 + Level 6.3 Axes
 - Level 3.9 Armour
 - Level 3.8 Shields


You had 4 spell levels left.
You didn't know any spells.
Your spell library was empty.

Dungeon Overview and Level Annotations

Branches:
Dungeon (4/15)
 Temple: D:4-7

Altars:

Annotations:
D:3 1 runed translucent door, Crazy Yiuf


Innate Abilities, Weirdness & Mutations

You have a pair of horns on your head.
You reflexively headbutt those who attack you in melee.


Message History

You are confused.
You see here a ball python corpse.
The orc hits you but does no damage. Something hits you but does no damage.
You bump into the rock wall.
The orc hits you with a +0 morningstar. The orc hits you but does no damage.
The orc hits you with a +0 whip. Something hits you but does no damage.
You hit the orc. Lightning courses through the orc!
You kill the orc!
The orc hits you but does no damage. The orc hits you with a +0 whip.
Something hits you but does no damage. The orc hits you but does no damage.
You hear some strange, mumbled words.
A puff of flame appears from out of thin air!
The puff of flame misses you.
Things that are here:
a +0 hand axe; a +2 leather armour of poison resistance You feel less confused.
Something hits you but does no damage. The orc hits you but does no damage.
The scorpion stings you but does no damage.
You hear some strange, mumbled words.
You are confused.
The scorpion stings you but does no damage.
You bump into the rock wall.
The scorpion stings you.
You are poisoned.
The scorpion poisons you!
You bump into the rock wall.
You feel very sick.
The scorpion stings you but does no damage.
The orc hits you with a +0 club.
* * * LOW HITPOINT WARNING * * *
Unknown command.
You closely miss the orc. Your headbutt misses the orc.
You feel very sick. The scorpion closely misses you. The orc barely misses you.
The scorpion stings you.
* * * LOW HITPOINT WARNING * * *
You feel very mighty all of a sudden.
* * * LOW HITPOINT WARNING * * *
You feel sick. The scorpion stings you.
You die...

#.# #.# #.# #.#
#.# #.# .. #.# #.
#.# ##.###@#
#..?o{s# #.....o#
#....!)#
##....†.#######
.......$.)......#
..........#####.#
...$..##(.##.##.#
.##### #.>##....#


You could see a scorpion and 2 orcs.

Vanquished Creatures
  A gnoll shaman (D:4)
  Terence (D:2)
  3 gnolls (D:4)
  2 worms (D:2)
  3 orcs
  7 endoplasms
  A giant cockroach (D:2)
  5 goblins
  7 hobgoblins
  11 jackals
  4 quokkas
  3 ball pythons
  5 bats
  2 frilled lizards (D:1)
  6 kobolds
  10 rats
71 creatures vanquished.

Vanquished Creatures (others)
  11 fungi
  2 plants (D:2)
13 creatures vanquished.

Grand Total: 84 creatures vanquished

Notes
Turn   | Place    | Note
-------+----------+-------------------------------------------
     0 | D:1      | leviel the Minotaur Fighter began the quest for the Orb.
     0 | D:1      | Reached XP level 1. HP: 19/19 MP: 0/0
   340 | D:1      | Reached XP level 2. HP: 27/27 MP: 1/1
   493 | D:1      | Reached skill level 3 in Axes
  1205 | D:2      | Reached XP level 3. HP: 33/33 MP: 2/2
  1276 | D:2      | Reached skill level 4 in Axes
  1785 | D:2      | Noticed Terence
  1795 | D:2      | Killed Terence
  1796 | D:2      | Reached skill level 5 in Axes
  1796 | D:2      | Reached XP level 4. HP: 33/40 MP: 3/3
  1922 | D:2      | Found a faded altar of an unknown god.
  2817 | D:3      | Found a runed translucent door.
  2818 | D:3      | Noticed Crazy Yiuf
  2925 | D:4      | Reached XP level 5. HP: 34/46 MP: 4/4
  2947 | D:4      | Reached skill level 6 in Axes
  3118 | D:4      | Slain by a scorpion

Illustrated notes

Levels and vault maps discovered:
D:1:      sevenhm_arrival_forest_fort_large_2, layout_loops_corners
D:2:      layout_basic, shapermc_ecumenical_altar_hornbeckon,
          minmay_pentomino_s4, uniq_terence
D:3:      layout_loops_ring, minmay_misc_feat_hallway,
          kennysheep_generic_room_12, uniq_crazy_yiuf_cottage
D:4:      layout_basic, amethyst_overflow_temple_binary

Skill      XL: |  1  2  3  4  5 |
---------------+----------------+-----
Axes           | 3 5 6 |  6.3
Fighting       | |  3.8
Armour         | |  3.9
Shields        | |  3.8

Action                   |  1- 3 |  4- 6 || total
-------------------------+-------+-------++-------
Melee: War axe           |    34 |       ||    34
       Headbutt          |    10 |     8 ||    18
       Whip              |    62 |    56 ||   118
       Unarmed           |     3 |     3 ||     6
  Use: Potion            |       |     1 ||     1
Armor: Scale mail        |    49 |    23 ||    72
       Skin              |     1 |       ||     1
Dodge: Dodged            |    28 |     8 ||    36
Block: Kite shield       |    46 |    21 ||    67

Table legend: (Time is in decaauts)
 A = Elapsed time spent in this place.
 B = Non-inter-level travel time spent in this place.
 C = Inter-level travel time spent in this place.
 D = Time resting spent in this place.
 E = Time spent auto-exploring this place.
 F = Levels seen in this place.
 G = Mean time per level.
                   A        B        C        D        E       F      G
               +--------+--------+--------+--------+--------+-----+--------+
         Total |   3163 |   2999 |    164 |     14 |   2603 |   4 |  790.8 |
       Dungeon |   3163 |   2999 |    164 |     14 |   2603 |   4 |  790.8 |
               +--------+--------+--------+--------+--------+-----+--------+

Top non-repeatable levels by time:
     D:1: 1119 daAuts
     D:2: 916 daAuts
     D:3: 906 daAuts
     D:4: 220 daAuts
